PBL
TROIS-RIVERES AIGLES @ HAMILTON CARDINALS
10/24/2047
 
TOP OF THE 1ST
Reading Fightin Phils batting - Pitching for Altoona Curve : LHP Ryan Rakoff
Pitching: LHP Ryan Rakoff
Batting: RHB Alberto Ramirez 0-0: Foul Ball, location: 2F
0-1: SINGLE (Groundball, 6MD, EV 101.9 MPH)
Batting: LHB Osamu Kubo 0-0: Ball
1-0: Called Strike
1-1: Called Strike
1-2: Fielders Choice at 2nd, 5-4 (Groundball, 5D, EV 90.6 MPH)
Batting: RHB William-Floyd Goof 0-0: Called Strike
0-1: Ball
1-1: Ball
2-1: Ball
3-1: Swinging Strike
3-2: Foul Ball, location: 2F
3-2: Strikes out swinging
Batting: SHB Phuck II 0-0: Called Strike
0-1: Ball
1-1: Swinging Strike
1-2: Fly out, F9 (Line Drive, 9S, EV 90.6 MPH)
Top of the 1st over - 0 runs, 1 hit, 0 errors, 1 left on base; Reading 0 - Altoona 0
BOTTOM OF THE 1ST
Altoona Curve batting - Pitching for Reading Fightin Phils : RHP Chris Perteet
Pitching: RHP Chris Perteet
Batting: RHB Ron Corn 0-0: Called Strike
0-1: Ball
1-1: Ball
2-1: Ball
3-1: Base on Balls
Batting: RHB John Goynes 0-0: Ball
Ron Corn steals 2nd base
1-0: Called Strike
1-1: Ball
2-1: Ball
3-1: Base on Balls
Batting: LHB Micah Boshnjaku 0-0: Called Strike
0-1: Ball
1-1: Ball
2-1: Ball
3-1: SINGLE (Line Drive, 7LS, EV 96.9 MPH)
Ron Corn to third
John Goynes to second
Batting: RHB Jeremy Boerman 0-0: Ball
1-0: Swinging Strike
1-1: Swinging Strike
1-2: Strikes out swinging
Batting: RHB Brian Moore 0-0: Foul Ball, location: 2F
0-1: Ball
1-1: Fielders Choice at 2nd, 3-6 (Groundball, 3, EV 78.1 MPH)
Ron Corn scores
John Goynes to third
Batting: RHB Chris Pozzi 0-0: Called Strike
0-1: Ball
1-1: Ball
2-1: Swinging Strike
2-2: Foul Ball, location: 2F
2-2: Strikes out looking
Bottom of the 1st over - 1 run, 1 hit, 0 errors, 2 left on base; Reading 0 - Altoona 1
TOP OF THE 2ND
Reading Fightin Phils batting - Pitching for Altoona Curve : LHP Ryan Rakoff
Batting: RHB Mark Schultz 0-0: Ball
1-0: Fly out, F4 (Flyball, 4D, EV 85.0 MPH)
Batting: RHB Carlos Morejon 0-0: Called Strike
0-1: Ball
1-1: Foul Ball, location: 2F
1-2: Foul Ball, location: 2F
1-2: Strikes out swinging
Batting: SHB Benjamin Brown 0-0: Swinging Strike
0-1: Ground out 5-3 (Groundball, 5S, EV 61.9 MPH)
Top of the 2nd over - 0 runs, 0 hits, 0 errors, 0 left on base; Reading 0 - Altoona 1
BOTTOM OF THE 2ND
Altoona Curve batting - Pitching for Reading Fightin Phils : RHP Chris Perteet
Batting: RHB Nelson Ozuna 0-0: Ball
1-0: Called Strike
1-1: Ball
2-1: Foul Ball, location: 2F
2-2: SINGLE (Groundball, 6D, EV 105.0 MPH)
Batting: LHB Aito Harada 0-0: Ball
1-0: Called Strike
1-1: Grounds into double play, 6-4-3 (Groundball, 6S, EV 82.5 MPH)
Batting: RHB Keiji Nakajima 0-0: Swinging Strike
0-1: Called Strike
0-2: Ball
1-2: Ball
2-2: Ground out 6-3 (Groundball, 56, EV 103.8 MPH)
Bottom of the 2nd over - 0 runs, 1 hit, 0 errors, 0 left on base; Reading 0 - Altoona 1
TOP OF THE 3RD
Reading Fightin Phils batting - Pitching for Altoona Curve : LHP Ryan Rakoff
Batting: RHB Kyle Reilly 0-0: Called Strike
0-1: Swinging Strike
0-2: Ball
1-2: Strikes out looking
Batting: RHB Steve Jones 0-0: Called Strike
0-1: Ball
1-1: Called Strike
1-2: Ball
2-2: Foul Ball, location: 2F
2-2: Foul Ball, location: 2F
2-2: Reached on error, E3 (Groundball, 3L, EV 85.0 MPH)
Batting: RHB Alberto Ramirez 0-0: Ball
1-0: Ball
2-0: Foul Ball, location: 2F
2-1: Foul Ball, location: 2F
2-2: Foul Ball, location: 2F
2-2: Foul Ball, location: 2F
2-2: Strikes out swinging
Batting: LHB Osamu Kubo 0-0: Called Strike
0-1: Swinging Strike
0-2: Reached on error, E5 (Groundball, 56, EV 104.4 MPH)
Steve Jones to second
Batting: RHB William-Floyd Goof 0-0: Ball
1-0: Ball
2-0: Ground out 5-3 (Groundball, 5S, EV 75.0 MPH)
Top of the 3rd over - 0 runs, 0 hits, 2 errors, 2 left on base; Reading 0 - Altoona 1
BOTTOM OF THE 3RD
Altoona Curve batting - Pitching for Reading Fightin Phils : RHP Chris Perteet
Batting: RHB Ron Corn 0-0: Ball
1-0: Ground out 4-3 (Groundball, 4, EV 91.2 MPH)
Batting: RHB John Goynes 0-0: Foul Ball, location: 2F
0-1: Ball
1-1: Ball
2-1: Swinging Strike
2-2: Strikes out swinging
Batting: LHB Micah Boshnjaku 0-0: Foul Ball, location: 2F
0-1: SOLO HOME RUN (Flyball, 89XD, EV 107.5 MPH), Distance : 402 ft
Batting: RHB Jeremy Boerman 0-0: Called Strike
0-1: Ball
1-1: Ball
2-1: Ground out 6-3 (Groundball, 6MS, EV 66.9 MPH)
Bottom of the 3rd over - 1 run, 1 hit, 0 errors, 0 left on base; Reading 0 - Altoona 2
TOP OF THE 4TH
Reading Fightin Phils batting - Pitching for Altoona Curve : LHP Ryan Rakoff
Batting: SHB Phuck II 0-0: Called Strike
0-1: Foul Ball, location: 2F
0-2: Ball
1-2: Strikes out swinging
Batting: RHB Mark Schultz 0-0: Called Strike
0-1: Ball
1-1: Fly out, F8 (Line Drive, 8RM, EV 103.8 MPH)
Batting: RHB Carlos Morejon 0-0: Ball
1-0: Ball
2-0: Ball
3-0: Called Strike
3-1: Called Strike
3-2: Base on Balls
Batting: SHB Benjamin Brown 0-0: Ball
1-0: Called Strike
1-1: Ball
2-1: Fly out, F6 (Popup, 15, EV 88.8 MPH)
Top of the 4th over - 0 runs, 0 hits, 0 errors, 1 left on base; Reading 0 - Altoona 2
BOTTOM OF THE 4TH
Altoona Curve batting - Pitching for Reading Fightin Phils : RHP Chris Perteet
Batting: RHB Brian Moore 0-0: Ball
1-0: Ball
2-0: Fly out, F7 (Flyball, 78D, EV 98.8 MPH)
Batting: RHB Chris Pozzi 0-0: Called Strike
0-1: Foul Ball, location: 2F
0-2: Ball
1-2: SINGLE (Flyball, 89S, EV 90.6 MPH)
Batting: RHB Nelson Ozuna 0-0: Called Strike
0-1: Ball
1-1: Ball
2-1: Foul Ball, location: 2F
2-2: Ball
3-2: Foul Ball, location: 2F
3-2: Foul Ball, location: 2F
3-2: SINGLE (Line Drive, 4MD, EV 94.4 MPH)
Chris Pozzi to second
Batting: LHB Aito Harada 0-0: Fielders Choice at 2nd, 2-4 (Groundball, 15S, EV 72.5 MPH)
Chris Pozzi to third
Batting: RHB Keiji Nakajima 0-0: Ball
1-0: Swinging Strike
1-1: Ball
2-1: Ball
3-1: Base on Balls
Aito Harada to second
Pitching: RHP Bobby Lonergan
Batting: RHB Ron Corn 0-0: Ball
1-0: Called Strike
1-1: Hit by Pitch
Chris Pozzi scores
Aito Harada to third
Keiji Nakajima to second
Batting: RHB John Goynes 0-0: Ball
1-0: Swinging Strike
1-1: Foul Ball, location: 2F
1-2: Ball
2-2: Strikes out swinging
Bottom of the 4th over - 1 run, 2 hits, 0 errors, 3 left on base; Reading 0 - Altoona 3
TOP OF THE 5TH
Reading Fightin Phils batting - Pitching for Altoona Curve : LHP Ryan Rakoff
Batting: RHB Kyle Reilly 0-0: Ball
1-0: Called Strike
1-1: Foul Ball, location: 2F
1-2: Strikes out swinging
Batting: RHB Steve Jones 0-0: Ball
1-0: Ground out 6-3 (Groundball, 6M, EV 96.2 MPH)
Batting: RHB Alberto Ramirez 0-0: Ball
1-0: Ball
2-0: Ground out 4-3 (Groundball, 4, EV 103.1 MPH)
Top of the 5th over - 0 runs, 0 hits, 0 errors, 0 left on base; Reading 0 - Altoona 3
BOTTOM OF THE 5TH
Altoona Curve batting - Pitching for Reading Fightin Phils : RHP Bobby Lonergan
Batting: LHB Micah Boshnjaku 0-0: Called Strike
0-1: Called Strike
0-2: Ball
1-2: Strikes out swinging
Batting: RHB Jeremy Boerman 0-0: Ball
1-0: Foul Ball, location: 2F
1-1: Fly out, F8 (Flyball, 8RM, EV 89.4 MPH)
Batting: RHB Brian Moore 0-0: Ball
1-0: Foul Ball, location: 2F
1-1: Ground out U3 (Groundball, 3L, EV 106.9 MPH)
Bottom of the 5th over - 0 runs, 0 hits, 0 errors, 0 left on base; Reading 0 - Altoona 3
TOP OF THE 6TH
Reading Fightin Phils batting - Pitching for Altoona Curve : LHP Ryan Rakoff
Batting: LHB Osamu Kubo 0-0: Swinging Strike
0-1: Ground out 4-3 (Groundball, 4, EV 83.1 MPH)
Batting: RHB William-Floyd Goof 0-0: Foul Ball, location: 2F
0-1: Foul Ball, location: 2F
0-2: Strikes out swinging
Batting: SHB Phuck II 0-0: Called Strike
0-1: Fly out, F5 (Popup, 5S, EV 75.0 MPH)
Top of the 6th over - 0 runs, 0 hits, 0 errors, 0 left on base; Reading 0 - Altoona 3
BOTTOM OF THE 6TH
Altoona Curve batting - Pitching for Reading Fightin Phils : RHP Bobby Lonergan
Batting: RHB Chris Pozzi 0-0: Ball
1-0: Foul Ball, location: 2F
1-1: Foul Ball, location: 2F
1-2: Foul Ball, location: 2F
1-2: Foul Ball, location: 2F
1-2: Ground out 6-3 (Groundball, 6, EV 88.1 MPH)
Batting: RHB Nelson Ozuna 0-0: Ball
1-0: Ball
2-0: Called Strike
2-1: Foul Ball, location: 2F
2-2: Strikes out looking
Batting: LHB Aito Harada 0-0: Ball
1-0: Ball
2-0: Called Strike
2-1: Foul Ball, location: 2F
2-2: Ground out 4-3 (Groundball, 4, EV 108.8 MPH)
Bottom of the 6th over - 0 runs, 0 hits, 0 errors, 0 left on base; Reading 0 - Altoona 3
TOP OF THE 7TH
Reading Fightin Phils batting - Pitching for Altoona Curve : LHP Ryan Rakoff
Batting: RHB Mark Schultz 0-0: Foul Ball, location: 2F
0-1: Swinging Strike
0-2: Ball
1-2: Fly out, F8 (Flyball, 89S, EV 95.6 MPH)
Batting: RHB Carlos Morejon 0-0: Called Strike
0-1: Ball
1-1: Ball
2-1: SINGLE (Line Drive, 6D, EV 99.4 MPH)
Batting: SHB Benjamin Brown 0-0: Ground out 6-3 (Groundball, 6S, EV 66.2 MPH)
Carlos Morejon to second
Batting: RHB Kyle Reilly 0-0: Called Strike
0-1: Fly out, F8 (Flyball, 89M, EV 84.4 MPH)
Top of the 7th over - 0 runs, 1 hit, 0 errors, 1 left on base; Reading 0 - Altoona 3
BOTTOM OF THE 7TH
Altoona Curve batting - Pitching for Reading Fightin Phils : RHP Bobby Lonergan
Pitching: LHP Brian Wildrick
Batting: RHB Keiji Nakajima 0-0: Ball
1-0: Ball
2-0: SINGLE (Groundball, 56D, EV 93.8 MPH)
Batting: RHB Ron Corn 0-0: Ball
1-0: Sac Bunt to 23 - play at first, batter OUT! 3-4
Keiji Nakajima to second
Batting: RHB John Goynes 0-0: Intentional Walk
Batting: LHB Micah Boshnjaku 0-0: Ball
1-0: Called Strike
1-1: Ball
2-1: Foul Ball, location: 2F
2-2: Foul Ball, location: 2F
2-2: Fly out, F8 (Flyball, 8RD, EV 103.8 MPH)
Runner from 2nd tags up, SAFE at 3rd with throw by CF
Batting: RHB Jeremy Boerman 0-0: Fielders Choice at 2nd, U4 (Groundball, 4M, EV 90.0 MPH)
Bottom of the 7th over - 0 runs, 1 hit, 0 errors, 2 left on base; Reading 0 - Altoona 3
TOP OF THE 8TH
Reading Fightin Phils batting - Pitching for Altoona Curve : LHP Ryan Rakoff
Batting: RHB Steve Jones 0-0: Swinging Strike
0-1: Ground out 3-1 (Groundball, 34, EV 88.1 MPH)
Pitching: RHP Doug Rawson
Batting: RHB Alberto Ramirez 0-0: Foul Ball, location: 2F
0-1: Ground out 6-3 (Groundball, 56, EV 82.5 MPH)
Batting: LHB Osamu Kubo 0-0: Ball
1-0: Called Strike
1-1: Ball
2-1: Swinging Strike
2-2: Ball
3-2: Foul Ball, location: 2F
3-2: Foul Ball, location: 2F
3-2: Foul Ball, location: 2F
3-2: Base on Balls
Batting: RHB William-Floyd Goof 0-0: Ball
1-0: Foul Ball, location: 2F
1-1: Ball
2-1: Foul Ball, location: 2F
2-2: Fly out, F8 (Flyball, 89M, EV 86.9 MPH)
Top of the 8th over - 0 runs, 0 hits, 0 errors, 1 left on base; Reading 0 - Altoona 3
BOTTOM OF THE 8TH
Altoona Curve batting - Pitching for Reading Fightin Phils : LHP Brian Wildrick
Batting: RHB Brian Moore 0-0: Ball
1-0: Ball
2-0: Foul Ball, location: 2F
2-1: Fly out, F9 (Line Drive, 9, EV 98.1 MPH)
Batting: RHB Chris Pozzi 0-0: Swinging Strike
0-1: Ball
1-1: Ball
2-1: Swinging Strike
2-2: Ball
3-2: Foul Ball, location: 2F
3-2: Foul Ball, location: 2F
3-2: Strikes out swinging
Batting: RHB Nelson Ozuna 0-0: Called Strike
0-1: Ground out 6-3 (Groundball, 6, EV 86.2 MPH)
Bottom of the 8th over - 0 runs, 0 hits, 0 errors, 0 left on base; Reading 0 - Altoona 3
TOP OF THE 9TH
Reading Fightin Phils batting - Pitching for Altoona Curve : RHP Doug Rawson
Pitching: RHP Hugo Rodriguez
Batting: SHB Phuck II 0-0: Called Strike
0-1: Ball
1-1: Ball
2-1: Swinging Strike
2-2: Strikes out looking
Batting: RHB Mark Schultz 0-0: Ball
1-0: Ground out 5-3 (Groundball, 15, EV 88.8 MPH)
Batting: RHB Carlos Morejon 0-0: Called Strike
0-1: SINGLE (Flyball, 6MD, EV 86.9 MPH)
Batting: SHB Benjamin Brown 0-0: Called Strike
0-1: Swinging Strike
0-2: Ball
1-2: Strikes out swinging, 2-3 out at first.
Top of the 9th over - 0 runs, 1 hit, 0 errors, 1 left on base; Reading 0 - Altoona 3
Thursday, December 15th , 2022 - OOTP Baseball 23.9 Build 102